 Dungeon Crawl Stone Soup version 0.32-a0-960-g3814254bd7 (webtiles) character file.

Game seed: 11661983512213087323

490 Ajdolov the Magician (level 6, -2/41 HPs)
             Began as a Mummy Alchemist on Apr 17, 2024.
             Slain by Blork the orc
             ... wielding a +0 glaive
              (17 damage)
             ... on level 4 of the Dungeon.
             The game lasted 00:06:08 (4283 turns).

Ajdolov the Magician (Mummy Alchemist)              Turns: 4283, Time: 00:06:08

Health: -2/41      AC:  2    Str: 11    XL:     6   Next: 90%
Magic:  19/24      EV: 11    Int: 16    God:
Gold:   162        SH:  0    Dex: 13    Spells: 12/17 levels left

rFire   x . .        g - +2 short sword (protect)
rCold   + . .        (no shield)
rNeg    + + +        a - +0 robe
rPois   ∞            (no helmet)
rElec   .            (no cloak)
rCorr   .            (no gloves)
SInv    .            (no boots)
Will    .....        (no amulet)
Stlth   ++           h - ring of magical power
HPRegen 0.26/turn    (no ring)
MPRegen 0.19/turn

%: faith
@: no status effects
A: cold resistance 1, negative energy resistance 3, torment resistance 2, heat
vulnerability 1, in touch with death 1, no potions, faith
a: no special abilities


You were on level 4 of the Dungeon.
You visited 1 branch of the dungeon, and saw 4 of its levels.

You collected 162 gold pieces.

Inventory:

Hand Weapons
 g - a +2 short sword of protection (weapon)
Armour
 a - a +0 robe (worn)
Jewellery
 h - a ring of magical power (left hand)
Wands
 i - a wand of flame (15)
Scrolls
 b - 2 scrolls of revelation {unknown}
 c - a scroll of fog {unknown}
 d - 3 scrolls of identify {unknown}
 e - a scroll of butterflies {unknown}
 f - 2 scrolls of fear {unknown}
 j - a scroll of torment {unknown}
 k - a scroll of blinking {unknown}


   Skills:
 - Level 1.5 Dodging
 - Level 3.0 Stealth
 + Level 6.2 Spellcasting
 - Level 0.8 Conjurations
 + Level 4.6 Alchemy


You had 12 spell levels left.
You knew the following spells:

 Your Spells              Type           Power      Damage    Failure   Level
a - Sting                 Conj/Alch      52%        1d6       4%          1
b - Olgreb's Toxic Radia  Alch           19%        N/A       21%         4

Your spell library contained the following spells:

 Spells                   Type           Power      Damage    Failure   Level
 Mercury Vapours          Alch/Air       24%        N/A       8%          2
 Magic Dart               Conj           28%        1d4       10%         1
 Mephitic Cloud           Conj/Alch/Air  10%        N/A       19%         3
 Blink                    Tloc           8%         N/A       21%         2
 Call Imp                 Summ           8%         N/A       21%         2
 Sticky Flame             Fire/Alch      12%        2d5       45%         4


Dungeon Overview and Level Annotations

Branches:
Dungeon (4/15)
 Temple: D:4-7

Altars:
Trog

Annotations:
D:3 2 transporters
D:4 Blork the orc, Edmund


Innate Abilities, Weirdness & Mutations

You are immune to poison.
Your flesh is cold resistant. (rC+)
You are immune to negative energy. (rN+++)
You are immune to unholy pain and torment.
You are vulnerable to heat. (rF-)
You are in touch with the powers of death.
You do not drink.
You have a special connection with the divine. (Faith)


Message History

Magic restored.
Blork the orc comes into view.
He is wielding a +0 glaive.
You start resting.
HP restored.
Found a stone staircase leading down.
f - 2 scrolls labelled OCKUNI FUF (gained 1)
You can't see any susceptible monsters within range! (Use Z to cast anyway.)
The sting hits Blork the orc.
Blork the orc is poisoned.
Blork the orc is lightly wounded.
Blork the orc shouts!
The sting hits Blork the orc.
Blork the orc looks even sicker.
Blork the orc is moderately wounded.
The sting hits Blork the orc.
Blork the orc looks even sicker.
Blork the orc is heavily wounded.
Blork the orc casts a cantrip, but nothing happens.
The sting hits Blork the orc.
Blork the orc looks as sick as possible!
Blork the orc is heavily wounded.
Blork the orc grins serenely.
Blork the orc hits you from afar with a +0 glaive!
Blork the orc attacks as he pursues you!
Blork the orc hits you from afar with a +0 glaive!
You are too injured to fight recklessly!
Unknown command.
Aiming: Sting (safe; 4% risk of failure)
Press: ? - help, Q - select action, (/) - cycle Shift-Dir - straight line, f/p - Blork the orc
Aim: Blork the orc, wielding a +0 glaive and wearing a +0 robe (severely wounded, extremely poisoned, 75% to hit)
The sting hits Blork the orc.
Blork the orc looks as sick as possible!
Blork the orc is severely wounded.
Blork the orc hits you from afar with a +0 glaive.
Aiming: Sting (safe; 4% risk of failure)
Press: ? - help, Q - select action, (/) - cycle Shift-Dir - straight line, f/p - Blork the orc
Aim: Blork the orc, wielding a +0 glaive and wearing a +0 robe (severely wounded, extremely poisoned, 75% to hit)
The sting hits Blork the orc.
Blork the orc looks as sick as possible!
Blork the orc is severely wounded.
Blork the orc hits you from afar with a +0 glaive!
You die...
Blork the orc shouts, "I believe in me!"

..... ##.######........#
# ....# #.).#############
# ###..#........# #######
##.#....†...####.......
#.'........#..........
###....[..............
.######).................
.....)#......[...........
......o.@.)..............
...........##............
....................#####
........####........#....
.........................
.........####............
.<....... .............
.#........ ##...........
...........


You could see Blork the orc (extremely poisoned).

Vanquished Creatures
  A scorpion (D:4)
  3 bombardier beetles
  2 iguanas (D:4)
  2 sleepcaps (D:4)
  2 orc wizards (D:4)
  A gnoll (D:1)
  8 adders
  4 dart slugs
  6 orcs
  6 endoplasms
  11 giant cockroaches
  5 goblins
  5 hobgoblins
  5 jackals
  5 kobolds
  2 quokkas
  7 ball pythons
  9 bats
  4 frilled lizards
  4 rats
92 creatures vanquished.

Notes
Turn   | Place    | Note
-------+----------+-------------------------------------------
     0 | D:1      | Ajdolov the Mummy Alchemist began the quest for the Orb.
     0 | D:1      | Reached XP level 1. HP: 13/13 MP: 4/4
    97 | D:1      | Reached skill level 3 in Spellcasting
   143 | D:1      | Reached XP level 2. HP: 10/19 MP: 1/6
   351 | D:1      | Found a faded altar of an unknown god.
   680 | D:1      | Reached XP level 3. HP: 23/24 MP: 4/8
  1235 | D:2      | Found a bloodstained altar of Trog.
  1347 | D:2      | Reached skill level 4 in Spellcasting
  1877 | D:2      | Reached XP level 4. HP: 30/30 MP: 8/10
  1882 | D:2      | Learned a level 4 spell: Olgreb's Toxic Radiance
  2105 | D:3      | Found a transporter.
  2107 | D:3      | Found a transporter.
  3075 | D:3      | Reached XP level 5. HP: 31/35 MP: 11/11
  3595 | D:4      | Reached skill level 5 in Spellcasting
  3758 | D:4      | Reached XP level 6. HP: 40/41 MP: 13/13
  4028 | D:4      | Reached skill level 6 in Spellcasting
  4069 | D:4      | Noticed Edmund
  4194 | D:4      | Noticed Blork the orc
  4283 | D:4      | Slain by Blork the orc

Illustrated notes

Levels and vault maps discovered:
D:1:      minmay_arrival_semitransparent, layout_loops_ring,
          chequers_ecumenical_altar_island, minmay_misc_feat_iff,
          roderic_three_in_a_row, minmay_domino_4
D:2:      layout_loops_cross, basic_altar
D:3:      gammafunk_steamed_eel, layout_loops_ring, grunt_decor_clamped,
          serial_bayou_crossing
D:4:      minmay_opposing_rooms, layout_basic, roderic_roman_lattice,
          nicolae_half_adder, uniq_blork_the_orc, uniq_edmund

Skill      XL: |  1  2  3  4  5  6 |
---------------+-------------------+-----
Spellcasting   | 3 4 5 6 |  6.2
Alchemy        | 3 4 |  4.6
Stealth        | 2 3 |  3.0
Dodging        | |  1.5
Conjurations   | |  0.8

Action                     |  1- 3 |  4- 6 || total
---------------------------+-------+-------++-------
  Melee: Short sword       |    27 |    53 ||    80
         Unarmed           |     3 |       ||     3
   Cast: Sting             |    69 |   131 ||   200
 Armour: Robe              |    28 |    53 ||    81
  Dodge: Dodged            |    26 |    49 ||    75

Table legend: (Time is in decaauts)
 A = Elapsed time spent in this place.
 B = Non-inter-level travel time spent in this place.
 C = Inter-level travel time spent in this place.
 D = Time resting spent in this place.
 E = Time spent auto-exploring this place.
 F = Levels seen in this place.
 G = Mean time per level.
                   A        B        C        D        E       F      G
               +--------+--------+--------+--------+--------+-----+--------+
         Total |   4285 |   4099 |    186 |    242 |   3197 |   4 | 1071.2 |
       Dungeon |   4285 |   4099 |    186 |    242 |   3197 |   4 | 1071.2 |
               +--------+--------+--------+--------+--------+-----+--------+

Top non-repeatable levels by time:
     D:3: 1278 daAuts
     D:1: 1111 daAuts
     D:4: 986 daAuts
     D:2: 909 daAuts
